 Dungeon Crawl Stone Soup version 0.29.1-1-gd02db6906a (webtiles) character file.

Game seed: 7841555516347273809

151 H0rd4k the Insei (level 5, -2/34 HPs)
             Began as an Octopode Transmuter on Oct 20, 2022.
             Slain by a phantom (4 damage)
             ... on level 4 of the Dungeon.
             The game lasted 00:02:33 (3720 turns).

H0rd4k the Insei (Octopode Transmuter)              Turns: 3720, Time: 00:02:33

Health: -2/34      AC:  1    Str: 10    XL:     5   Next: 33%
Magic:  8/8        EV: 13    Int: 17    God:
Gold:   189        SH:  0    Dex: 12    Spells: 8/9 levels left

rFire   . . .      SeeInvis .     - Unarmed
rCold   . . .      Faith    .   (no shield)
rNeg    . . .      Spirit   .   (helmet currently unavailable)
rPois   .          Reflect  .   (no amulet)
rElec   .          Harm     .   n - ring of willpower
rCorr   +          Rampage  .   i - ring of resist corrosion
Will    +....                   (no ring)
Stlth   ++........              (no ring)
HPRegen 0.11/turn               (no ring)
MPRegen 0.11/turn               (no ring)
                                (no ring)
                                (no ring)

@: appendages (expiring)
A: tentacle spike 3, almost no armour, amphibious, 8 rings, camouflage 1,
gelatinous body 1, (nimble swimmer 1), tentacles
a: End Transformation


You were on level 4 of the Dungeon.
One of your tentacles had grown a beastly spike.
You visited 1 branch of the dungeon, and saw 4 of its levels.

You collected 189 gold pieces.

Inventory:

Jewellery
 i - a ring of resist corrosion (right tentacle)
 n - a ring of willpower (left tentacle)
Scrolls
 b - a scroll of brand weapon {unknown}
 c - 2 scrolls of identify {unknown}
 e - a scroll of poison {unknown}
 g - 2 scrolls of magic mapping {unknown}
 j - a scroll of acquirement {unknown}
 l - a scroll of amnesia {unknown}
 m - a scroll of teleportation {unknown}
Potions
 a - 5 potions of lignification
 d - 2 potions of curing {unknown}
 f - a potion of might {unknown}
 h - a potion of brilliance {unknown}
 k - 5 potions of degeneration {unknown}
 o - a potion of heal wounds {unknown}
 p - a potion of flight {unknown}


   Skills:
 + Level 1.6 Fighting
 + Level 2.7 Dodging
 + Level 4.8 Unarmed Combat
 + Level 2.5 Spellcasting
 + Level 2.2 Transmutations


You had 8 spell levels left.
You knew the following spells:

 Your Spells              Type           Power      Damage    Failure   Level
a - Beastly Appendage     Tmut           18%        N/A       8%          1

Your spell library contained the following spells:

 Spells                   Type           Power      Damage    Failure   Level
 Wereblood                Tmut           9%         N/A       11%         2
 Shock                    Conj/Air       8%         1d3       19%         1
 Spider Form              Tmut/Pois      5%         N/A       34%         3
 Gell's Gravitas          Tloc           2%         N/A       50%         3
 Lesser Beckoning         Tloc           2%         N/A       50%         3
 Swiftness                Air            2%         N/A       50%         3
 Teleport Other           Tloc           2%         N/A       50%         3
 Ice Form                 Ice/Tmut       5%         N/A       75%         4
 Airstrike                Air            1%         2d(1-17)  88%         4
 Dispersal                Tloc           1%         N/A       100%        6


Dungeon Overview and Level Annotations

Branches:
Dungeon (4/15)
 Temple: D:4-7

Altars:
Nemelex Xobeh


Innate Abilities, Weirdness & Mutations

One of your tentacles has grown a beastly spike.
You cannot wear most types of armour.
You are amphibious.
You can wear up to eight rings at the same time.
Your skin changes colour to match your surroundings (Stealth+).
Your rubbery body absorbs attacks. (AC +1, EV +1)
((You are camouflaged when in or above water. (Stealth+)))
You have tentacles for arms and can constrict up to eight enemies at once.


Message History

Found a brightly glowing whip.
You hear the slow rusting of a very distant drain.
You open the gate.
There is an open gate here.
Found a sparkling altar of Nemelex Xobeh.
You open the gate.
Found a stone staircase leading up.
There is an open gate here.
Casting: Beastly Appendage (safe; 8% risk of failure)
Confirm with . or Enter, or press ? or * to list all spells.
One of your tentacles grows a vicious spike.
The phantom hits you!
The phantom blinks!
You blink.
The phantom attacks as you move away! The phantom hits you.
You tentacle-slap the phantom but do no damage.
Your tentacle spike misses the phantom.
Your squeeze misses the phantom. The phantom hits you.
You tentacle-slap the phantom. Your squeeze misses the phantom.
The phantom is moderately damaged.
The phantom hits you.
The phantom blinks!
You blink.
The phantom attacks as you move away! The phantom misses you.
Your transformation is almost over.
You tentacle-slap the phantom.
The phantom is moderately damaged.
The phantom hits you.
The phantom blinks!
You blink.
You barely miss the phantom.
Your tentacle spike misses the phantom.
The phantom is moderately damaged.
The phantom barely misses you.
You bludgeon the phantom! Your squeeze misses the phantom.
The phantom is severely damaged.
The phantom hits you.
* * * LOW HITPOINT WARNING * * *
The phantom blinks!
You blink.
The phantom hits you!
* * * LOW HITPOINT WARNING * * *
The phantom blinks!
You blink.
You tentacle-slap the phantom but do no damage.
You pierce the phantom.
The phantom is almost destroyed.
The phantom hits you.
You die...

#######...######
##.####
###.###§..##...#
###
##°°.##...#.○.§.
#°○☼○.#...#.§.§.
##○§.##.≈.#.°.§.
###.###...##...#
#######§§.######
###
#######'''######
#.<
#.##########W@..#
#.#
#..............<#
#..
#################
###


You could see a phantom.

Vanquished Creatures
  Jessica (D:3)
  5 adders
  A worm (D:2)
  4 dart slugs
  4 orcs (D:3)
  6 ball pythons
  7 bats
  3 giant cockroaches
  8 goblins
  4 hobgoblins
  4 quokkas
  10 frilled lizards
  5 kobolds
  9 rats
71 creatures vanquished.

Vanquished Creatures (others)
  7 plants (D:2)
7 creatures vanquished.

Grand Total: 78 creatures vanquished

Notes
Turn   | Place    | Note
-------+----------+-------------------------------------------
     0 | D:1      | H0rd4k the Octopode Transmuter began the quest for the Orb.
     0 | D:1      | Reached XP level 1. HP: 13/13 MP: 3/3
   244 | D:1      | Reached XP level 2. HP: 9/18 MP: 5/5
   397 | D:1      | Found a faded altar of an unknown god.
   802 | D:1      | Reached XP level 3. HP: 12/23 MP: 6/6
  1739 | D:2      | Reached skill level 4 in Unarmed Combat
  1739 | D:2      | Reached XP level 4. HP: 24/28 MP: 7/7
  2806 | D:3      | Noticed Jessica
  2824 | D:3      | Killed Jessica
  2825 | D:3      | Reached XP level 5. HP: 6/33 MP: 6/8
  3673 | D:4      | Noticed a phantom
  3683 | D:4      | Found a sparkling altar of Nemelex Xobeh.
  3720 | D:4      | Slain by a phantom

Illustrated notes

Levels and vault maps discovered:
D:1:      minmay_arrival_widening_spiral_wide, layout_basic,
          hellmonk_ecumenical_altar_defaced_shrine
D:2:      layout_rooms, serial_bayou, serial_bayou_pond_a, serial_bayou_shore_a,
          serial_bayou_ford_a, serial_bayou_pond_a, serial_bayou_pond_d,
          serial_bayou_shore_b, grunt_decor_junction, minmay_lizard_pond
D:3:      layout_loops_ring, solitary_fountain, corexii_hall_statues_x,
          st_stairs_5, uniq_jessica
D:4:      layout_basic, nemelex_altar_shiori,
          nicolae_wu_jian_immortal_techniques, nicolae_uskayaw_suspiria,
          grunt_temple_overflow_cloverleaf, minmay_temple_entry_glassed_door,
          portal_sewer_entry_e, uniq_pikel, uniq_grinder,
          uniq_crazy_yiuf_cottage

Skill      XL: |  1  2  3 |
---------------+----------+-----
Unarmed Combat | 4 |  4.8
Fighting       | |  1.6
Dodging        | |  2.7
Spellcasting   | |  2.5
Transmutations | |  2.2

Action                   |  1- 3 |  4- 6 || total
-------------------------+-------+-------++-------
Melee: Unarmed           |    62 |    92 ||   154
       Constrict         |    19 |    20 ||    39
       Tentacles         |    21 |    17 ||    38
       Punch             |     3 |       ||     3
       Kick              |       |    10 ||    10
 Cast: Beastly Appendage |       |     3 ||     3
 Stab: Sleeping          |     9 |     5 ||    14
Armor: Skin              |     5 |     3 ||     8
Dodge: Dodged            |    40 |    50 ||    90
